[Event "Late-Titled-Tuesday-Blitz-September-12-2023"]
[Site "Chess.com"]
[Date "2023.09.12"]
[Round "3"]
[White "chessdjw"]
[Black "traack"]
[Result "1-0"]
[WhiteElo "2734"]
[BlackElo "2350"]
[TimeControl "180+1"]
[EndTime "14:24:49 PDT"]
[Termination "chessdjw won by resignation"]

1. e4 c5 2. Nf3 e6 3. Nc3 Nc6 4. Bb5 Nd4 5. O-O a6 6. Bd3 Nc6 7. Be2 Nf6 8. d4 cxd4 9. Nxd4 Qc7 10. Be3 Bb4 11. Nxc6 bxc6 12. f4 Bxc3 13. bxc3 Nxe4 14. Bd3 f5 15. Bxe4 fxe4 16. Bc5 d5 17. Rb1 Rb8 18.
Rxb8 Qxb8 19. Qh5+ g6 20. Qg5 Qc7 21. Rb1 Kf7 22.
Bd4 Rf8 23. Be5 Qe7 24. Qh6 Kg8 25. h4 c5 26. Rb6 d4 27. Bd6 1-0

[Event "Late-Titled-Tuesday-Blitz-September-12-2023"]
[Site "Chess.com"]
[Date "2023.09.12"]
[Round "3"]
[White "cukin84"]
[Black "FeketeBarika"]
[Result "1-0"]
[WhiteElo "2226"]
[BlackElo "2371"]
[TimeControl "180+1"]
[EndTime "14:24:50 PDT"]
[Termination "cukin84 won by resignation"]

1. e4 e6 2. d4 d5 3. Nc3 Nf6 4. e5 Nfd7 5. f4 c5 6. Nf3 Nc6 7. Be3 Be7 8. Qd2 O-O 9. Bb5 Qa5 10. Bxc6 bxc6 11. O-O cxd4 12. Nxd4 c5 13. Nc6 Qc7 14. Nxe7+ Kh8 15. Nxc8 d4 16. Nb5 Qxc8 17. Bf2 Rb8 18. Nd6 Qc6 19. b3 f6 20. Nc4 fxe5 21. Nxe5 Nxe5 22.
fxe5 Qe4 23. Bg3 h6 24. Rae1 Qg6 25. Rxf8+ Rxf8 26. Rf1 Rd8 27. Qd3 Qg4 28. h3 Qg5 29. Bf4 Qh5 30. Qf3 Qf5 31. Bg3 Qxc2 32. Rf2 Qb1+ 33.
Kh2 d3 34. Rd2 a5 35. Bh4 Rd4 36. Qf8+ Kh7 37. Qe7 Rxh4 38. Qxh4 a4 39. Qe4+ 1-0

[Event "Late-Titled-Tuesday-Blitz-September-12-2023"]
[Site "Chess.com"]
[Date "2023.09.12"]
[Round "3"]
[White "pirulillo"]
[Black "DuleMudule"]
[Result "0-1"]
[WhiteElo "2326"]
[BlackElo "2761"]
[TimeControl "180+1"]
[EndTime "14:24:52 PDT"]
[Termination "DuleMudule won by checkmate"]

1. e4 c6 2. d4 d5 3. Nc3 dxe4 4. Nxe4 Nf6 5. Ng3 h5 6. h4 g6 7. Bc4 Bg7 8. N1e2 O-O 9. Qd3 e6 10. Bg5 b5 11. Bb3 a5 12. a4 Ba6 13. Nf4 b4 14.
Bc4 Bxc4 15. Qxc4 Nbd7 16. Nd3 Nb6 17. Qxc6 Rc8 18. Qf3 Qxd4 19. O-O-O b3 20. c3 Rxc3+ 21. Kb1 Nfd5 22. Qe2 Qxa4 23. bxc3 Nxc3+ 24. Kb2 Nxe2+ 25. Kb1 Qa2# 0-1

[Event "Late-Titled-Tuesday-Blitz-September-12-2023"]
[Site "Chess.com"]
[Date "2023.09.12"]
[Round "3"]
[White "Malev212"]
[Black "Fandorine"]
[Result "0-1"]
[WhiteElo "2624"]
[BlackElo "2904"]
[TimeControl "180+1"]
[EndTime "14:24:55 PDT"]
[Termination "Fandorine won by resignation"]

1. e4 e5 2. Nf3 Nc6 3. Bb5 a6 4. Ba4 Nf6 5. O-O Be7 6. Re1 b5 7. Bb3 d6 8. c3 O-O 9. d4 Bg4 10. Be3 Bh5 11. h3 Na5 12. Bc2 Nc4 13. Bc1 exd4 14.
cxd4 d5 15. e5 Ne4 16. b3 Nb6 17. Be3 f5 18. exf6 Bxf6 19. Nbd2 Nxd2 20. Qxd2 Bxf3 21.
gxf3 Qd7 22. Kg2 Nc8 23. Qd3 g6 24. Bf4 Ne7 25. Be5 Nf5 26. f4 0-1

[Event "Late-Titled-Tuesday-Blitz-September-12-2023"]
[Site "Chess.com"]
[Date "2023.09.12"]
[Round "3"]
[White "leoduarte"]
[Black "Tiqr777"]
[Result "1-0"]
[WhiteElo "2464"]
[BlackElo "2616"]
[TimeControl "180+1"]
[EndTime "14:24:56 PDT"]
[Termination "leoduarte won by resignation"]

1. d4 Nf6 2. c4 c5 3. d5 e6 4. Nc3 exd5 5. cxd5 d6 6. Nf3 g6 7. Bf4 a6 8. a4 Bg7 9. h3 O-O 10. e3 Re8 11. Bd3 Qc7 12. O-O Nbd7 13. Bh2 Rb8 14. a5 b5 15. axb6 Rxb6 16. Ra2 Rb4 17. Bxa6 Bxa6 18.
Rxa6 Nb6 19. e4 Rxb2 20. e5 dxe5 21. d6 Qb7 22. Qa1 Rb3 23. Bxe5 Nfd7 24. Bxg7 Kxg7 25. Ra7 Qc6 26. Nd5+ Kg8 27. Ne7+ 1-0

[Event "Late-Titled-Tuesday-Blitz-September-12-2023"]
[Site "Chess.com"]
[Date "2023.09.12"]
[Round "3"]
[White "Arteler"]
[Black "MathiasCasalaspro"]
[Result "1-0"]
[WhiteElo "2478"]
[BlackElo "2257"]
[TimeControl "180+1"]
[EndTime "14:25:02 PDT"]
[Termination "Arteler won by resignation"]

1. e4 c6 2. Nc3 d5 3. Qf3 d4 4. Bc4 e6 5. Nce2 b5 6. Bb3 c5 7.
d3 Nc6 8. Bd2 Nf6 9. Qg3 Qd6 10.
f4 c4 11. e5 Nh5 12. Qf3 Qd5 13. dxc4 bxc4 14. Ba4 Bd7 15. Qxh5 Nb4 16. Bxd7+ Qxd7 17. Bxb4 Bxb4+ 18. c3 dxc3 19. bxc3 Qa4 20. Qf3 O-O 21.
cxb4 Qxb4+ 22. Qc3 Qc5 23. Nf3 Rfd8 24. Ned4 a5 25.
O-O a4 26. Kh1 Rd5 27. Rad1 Rad8 28. Rd2 g6 29. h3 R5d7 30. Rc1 Rd5 31. Qxc4 Qa7 32.
Nc6 Qd7 33. Nxd8 Rxd2 34. Nxd2 Qxd2 35. Nc6 1-0

[Event "Late-Titled-Tuesday-Blitz-September-12-2023"]
[Site "Chess.com"]
[Date "2023.09.12"]
[Round "3"]
[White "allvim"]
[Black "RIPOL"]
[Result "0-1"]
[WhiteElo "2251"]
[BlackElo "2459"]
[TimeControl "180+1"]
[EndTime "14:25:02 PDT"]
[Termination "RIPOL won by resignation"]

1. e4 Nf6 2. Nc3 d5 3. exd5 Nxd5 4. Bc4 Nb6 5. Bb3 Nc6 6. a4 Nd4 7. Ba2 a5 8. d3 g6 9. Be3 Bg7 10. Nge2 Nf5 11. Bxb6 cxb6 12. O-O O-O 13. Ng3 Nd4 14. Re1 e5 15. Nce2 Nc6 16. c3 Kh8 17. Qc2 f5 18. Rad1 Qh4 19. d4 exd4 20. Nxd4 Bxd4 21. cxd4 Nb4 22. Qc7 Nxa2 23. d5 Qd8 24. Qe5+ Qf6 25. Qc7 Nb4 26. d6 Na6 27. Qxb6 Bd7 28. Qxb7 Bxa4 29.
Re7 Nc5 30. Rxh7+ Kg8 31. Qd5+ Kxh7 32. Qxc5 Bxd1 33. d7 Rad8 0-1

[Event "Late-Titled-Tuesday-Blitz-September-12-2023"]
[Site "Chess.com"]
[Date "2023.09.12"]
[Round "3"]
[White "ChessDokmus"]
[Black "Efremov_Vlad"]
[Result "0-1"]
[WhiteElo "2186"]
[BlackElo "2380"]
[TimeControl "180+1"]
[EndTime "14:25:02 PDT"]
[Termination "Efremov_Vlad won by resignation"]

1. e4 c5 2. Nf3 e6 3. d3 Nc6 4. Nbd2 Nf6 5. g3 d5 6. Bg2 dxe4 7. dxe4 Ng4 8. O-O Be7 9. c3 O-O 10. Qe2 Nge5 11. Nxe5 Nxe5 12. Rd1 Qc7 13. a4 b6 14.
f4 Nc6 15. Nc4 Ba6 16. e5 Rad8 17. Be3 Na5 18. b3 Nxb3 19. Rxd8 Rxd8 20. Rb1 Na5 21. Be4 Bxc4 22. Qh5 g6 23. Qh6 Bd3 24. Bxd3 Rxd3 25. Re1 c4 26. g4 Rxe3 27. Rxe3 Bc5 28. Kf2 Bxe3+ 29. Kxe3 Qc5+ 30. Ke4 Qd5+ 31. Ke3 Qd3+ 32. Kf2 Nb3 33. f5 Nd2 34. f6 Ne4+ 35. Kg2 Qe2+ 36. Kh3 Qf3+ 37. Kh4 Nxf6 38. exf6 Qxf6+ 39. g5 Qf4+ 40.
Kh3 Qf3+ 41. Kh4 Qxc3 42. Kg4 Qd4+ 43. Kf3 Qd3+ 44. Kf2 c3 45. Qh4 Qd2+ 46. Kf3 c2 47. Qe4 Qd1+ 48. Kf4 c1=Q+ 49. Ke5 Qc3+ 0-1

[Event "Late-Titled-Tuesday-Blitz-September-12-2023"]
[Site "Chess.com"]
[Date "2023.09.12"]
[Round "3"]
[White "Bigfish1995"]
[Black "enestnrvrd"]
[Result "1-0"]
[WhiteElo "3050"]
[BlackElo "2726"]
[TimeControl "180+1"]
[EndTime "14:25:11 PDT"]
[Termination "Bigfish1995 won by resignation"]

1. h3 d5 2. Nf3 Nf6 3. e3 a6 4. b3 c5 5. Bb2 Nc6 6. d4 Bf5 7. dxc5 e6 8. Nd4 Bxc5 9. Nxf5 exf5 10. Bd3 Ne4 11. O-O Qg5 12. Bxe4 fxe4 13. c4 dxc4 14. Nc3 Qf5 15. Qb1 cxb3 16. Nxe4 bxa2 17. Nd6+ 1-0

[Event "Late-Titled-Tuesday-Blitz-September-12-2023"]
[Site "Chess.com"]
[Date "2023.09.12"]
[Round "3"]
[White "Sjakkerntobi"]
[Black "nitpicker"]
[Result "1-0"]
[WhiteElo "2522"]
[BlackElo "2260"]
[TimeControl "180+1"]
[EndTime "14:25:20 PDT"]
[Termination "Sjakkerntobi won on time"]

1. f4 Nf6 2. Nf3 g6 3. g3 c5 4. Bg2 d6 5. O-O Nc6 6. d3 Bg7 7. Nc3 O-O 8. e4 Bd7 9. h3 Rb8 10. g4 Ne8 11. Qe1 f5 12. exf5 gxf5 13. Qg3 Nc7 14.
Bd2 b5 15. Rae1 b4 16. Nd1 Nd4 17. Nxd4 Bxd4+ 18. Kh1 fxg4 19. hxg4 Kh8 20. Be3 Bg7 21. Qh4 e5 22. Qxd8 Rbxd8 23. f5 h5 24. gxh5 Rxf5 25. Rxf5 Bxf5 26. Rf1 Be6 27. h6 Bf8 28. Bg5 Re8 29. Bf6+ Kh7 30. Be4+ Kxh6 31. Rf2 Kh5 32. Ne3 Bh3 33.
Rh2 1-0

[Event "Late-Titled-Tuesday-Blitz-September-12-2023"]
[Site "Chess.com"]
[Date "2023.09.12"]
[Round "3"]
[White "SaqoChess_Twitch"]
[Black "BrandonJacobson"]
[Result "0-1"]
[WhiteElo "2727"]
[BlackElo "3055"]
[TimeControl "180+1"]
[EndTime "14:25:24 PDT"]
[Termination "BrandonJacobson won by resignation"]

1. d4 Nf6 2. c4 g6 3. Nc3 Bg7 4. Nf3 d6 5. Bg5 h6 6. Bh4 g5 7. Bg3 Nh5 8. e3 c5 9. dxc5 Nxg3 10. hxg3 dxc5 11. Qxd8+ Kxd8 12. O-O-O+ Nd7 13. Bd3 e6 14. Ne4 Ke7 15. Bc2 b6 16. Nd6 Ba6 17. Be4 Rad8 18. Bb7 Bxb7 19. Nxb7 Rb8 20. Nd6 Rhd8 21. Nb5 a6 22. Na3 g4 23. Nd2 Ne5 24. Ne4 f5 25. Rxd8 Rxd8 26. Nc3 Nd3+ 27. Kc2 Nxf2 28. Rf1 Bxc3 29.
Rxf2 Be1 30. Re2 Bxg3 31. Nb1 h5 32. a3 h4 33. b4 h3 34. gxh3 gxh3 35. Nc3 h2 36.
Rxh2 Bxh2 37. e4 Be5 38. b5 Bxc3 39. e5 Bxe5 40. Kb3 axb5 41. cxb5 Rd4 0-1

[Event "Late-Titled-Tuesday-Blitz-September-12-2023"]
[Site "Chess.com"]
[Date "2023.09.12"]
[Round "3"]
[White "K_A_S_T_O_R"]
[Black "ManuMunoz01"]
[Result "1-0"]
[WhiteElo "2934"]
[BlackElo "2252"]
[TimeControl "180+1"]
[EndTime "14:25:26 PDT"]
[Termination "K_A_S_T_O_R won on time"]

1. e4 c5 2. Nf3 e6 3. d4 cxd4 4. Nxd4 Nc6 5. Nb5 d6 6. c4 a6 7. N5c3 Nf6 8. Be2 Be7 9. O-O O-O 10. Na3 b6 11. Be3 Qc7 12. Rc1 Ne5 13. f3 Bb7 14. Qd2 Rac8 15. Rfd1 Rfe8 16. Kh1 Ned7 17. Bf1 Qb8 18.
Rc2 Qa8 19. Na4 Rc6 20. Qf2 d5 21. exd5 exd5 22. Nxb6 Nxb6 23. Bxb6 Bxa3 24. bxa3 dxc4 25. Rxc4 Rxc4 26. Bxc4 Qc8 27. Bb3 Qf5 28. Bd4 Nd5 29.
Qg3 Nf6 30. h3 Nh5 31. Qg4 Qxg4 32. hxg4 Ng3+ 33. Kh2 Ne2 34. Bb2 Bc8 35. Ba4 Rf8 36. Be5 Be6 37. Re1 Bc4 38. Bb3 1-0

[Event "Late-Titled-Tuesday-Blitz-September-12-2023"]
[Site "Chess.com"]
[Date "2023.09.12"]
[Round "3"]
[White "kleinebeer98"]
[Black "ilya2700"]
[Result "1-0"]
[WhiteElo "2822"]
[BlackElo "2292"]
[TimeControl "180+1"]
[EndTime "14:25:27 PDT"]
[Termination "kleinebeer98 won by resignation"]

1. e4 c5 2. Nf3 e6 3. d4 cxd4 4.
Bg5 Qb6 5. Qxd4 Qxd4 6. Nxd4 a6 7. Nd2 Bc5 8. Be3 d6 9. Nc4 Ke7 10. e5 Nc6 11. Nxc6+ bxc6 12. Bxc5 dxc5 13. h3 f6 14. g4 Nh6 15. Bg2 Bd7 16. O-O-O Nf7 17. Rhe1 fxe5 18. Nxe5 Nxe5 19. Rxe5 Rhf8 20. Rd2 Rf4 21.
Rxc5 Raf8 22. Bxc6 Bxc6 23. Rxc6 Rxf2 24. Rc7+ Ke8 25.
Rxf2 Rxf2 26. Rxg7 Rf1+ 27. Kd2 Rf2+ 28. Kd1 Rf1+ 29. Ke2 Rb1 30. b3 Rb2 31. Kd3 Rxa2 32. Rxh7 Ra1 33. g5 Rg1 34. h4 Rg3+ 35. Kd4 Rg4+ 36. Ke5 a5 37. Kxe6 Kf8 38. Kf6 Kg8 39.
Kg6 a4 40. Ra7 Kf8 41. Ra8+ Ke7 42. Rxa4 Rg1 43. h5 Kf8 44. h6 Rd1 45. Ra8+ Ke7 46.
h7 Rd6+ 47. Kg7 Rd7 48. h8=N Ke6+ 49. Kh6 Kf5 50. Rf8+ Kg4 51. Ng6 Rd1 52. Ne5+ Kg3 53. Rf3+ Kh2 54. Ng4+ Kg2 55. Ne3+ Kxf3 56. Nxd1 1-0

[Event "Late-Titled-Tuesday-Blitz-September-12-2023"]
[Site "Chess.com"]
[Date "2023.09.12"]
[Round "3"]
[White "mishanick"]
[Black "GothamChess"]
[Result "1-0"]
[WhiteElo "3066"]
[BlackElo "2727"]
[TimeControl "180+1"]
[EndTime "14:25:33 PDT"]
[Termination "mishanick won by checkmate"]

1. d4 g6 2. e4 Bg7 3. Nf3 a6 4.
a4 d6 5. Bc4 Nf6 6. Qe2 O-O 7.
O-O Bg4 8. e5 dxe5 9. dxe5 Nd5 10. Nbd2 Nc6 11. h3 Bf5 12. Nb3 Ndb4 13. Rd1 Qc8 14.
c3 Nc2 15. Ra2 b5 16. axb5 axb5 17. Rxa8 Qxa8 18. Bxb5 Rb8 19. Nc5 Qa5 20. Bxc6 Qxc5 21. Be4 Bxe4 22. Qxe4 Na1 23. e6 f5 24. Qa4 Nb3 25.
Qxb3 Rxb3 26. Rd8+ Bf8 27. Bh6 Qxf2+ 28. Kxf2 Rxb2+ 29. Kg1 Rxg2+ 30. Kxg2 f4 31. Rxf8# 1-0

[Event "Late-Titled-Tuesday-Blitz-September-12-2023"]
[Site "Chess.com"]
[Date "2023.09.12"]
[Round "3"]
[White "BlueWizzard"]
[Black "djano"]
[Result "1-0"]
[WhiteElo "2944"]
[BlackElo "2658"]
[TimeControl "180+1"]
[EndTime "14:25:35 PDT"]
[Termination "BlueWizzard won by resignation"]

1. d4 d5 2. Nc3 Nc6 3. Bg5 Nf6 4. e4 dxe4 5. d5 Ne5 6. Qd4 Ng6 7.
O-O-O a6 8. Nxe4 Nxe4 9. Qxe4 Qd6 10. Nf3 Bd7 11. h4 h5 12. Be3 O-O-O 13. Ng5 Be8 14. Be2 Ne5 15. c4 Nd7 16. Qd4 b6 17. Ne4 Qe5 18.
c5 Qxd4 19. Bxa6+ Kb8 20. Bxd4 bxc5 21. Be3 e6 22. dxe6 fxe6 23. Rd3 Be7 24. Rb3+ Ka7 25. Ra3 Kb6 26. Rd1 Ne5 27. Rxd8 Bxd8 28. Nxc5 Kc6 29.
Bb7+ Kd6 30. Ne4+ Ke7 31. Bg5+ Kd7 32. Bxd8 Kxd8 33. Ng5 Bg6 34. Ra8+ Ke7 35. Rxh8 1-0

[Event "Late-Titled-Tuesday-Blitz-September-12-2023"]
[Site "Chess.com"]
[Date "2023.09.12"]
[Round "3"]
[White "angryspacevoid"]
[Black "Tunahan_Makaraci"]
[Result "1-0"]
[WhiteElo "2534"]
[BlackElo "2298"]
[TimeControl "180+1"]
[EndTime "14:25:35 PDT"]
[Termination "angryspacevoid won by resignation"]

1. f4 d5 2. Nf3 Nf6 3. e3 Bg4 4. Be2 c5 5. h3 Bxf3 6. Bxf3 Nc6 7. O-O e5 8. fxe5 Nxe5 9. Nc3 Be7 10. d3 O-O 11. Bd2 Qd7 12. Qe1 Rfe8 13. Qg3 Ng6 14. Rae1 Rad8 15. h4 Bd6 16. Qf2 Bb8 17. g3 Ne5 18.
Bg2 Neg4 19. Qf3 h5 20. Ne2 Ne4 21. Bc1 Nef6 22. Nf4 g6 23. b3 b5 24. Bb2 Be5 25.
d4 cxd4 26. exd4 Bc7 27. Nd3 Ne4 28. Nc5 Qe7 29. Nxe4 dxe4 30. Rxe4 Qxe4 31. Qxf7+ Kh8 32. Bxe4 1-0

[Event "Late-Titled-Tuesday-Blitz-September-12-2023"]
[Site "Chess.com"]
[Date "2023.09.12"]
[Round "3"]
[White "Dave_ChessMate"]
[Black "Ykow"]
[Result "1-0"]
[WhiteElo "2760"]
[BlackElo "2507"]
[TimeControl "180+1"]
[EndTime "14:25:36 PDT"]
[Termination "Dave_ChessMate won by resignation"]

1. d4 Nf6 2. Nc3 d5 3. Bf4 c5 4. e3 cxd4 5. exd4 Bg4 6. Nf3 Nc6 7. Bb5 Rc8 8. h3 Bxf3 9. Qxf3 e6 10. O-O Be7 11. Ne2 O-O 12. c3 Ne4 13. Bd3 f5 14. Rad1 Bf6 15. Bc1 Ne7 16. Nf4 Qd6 17. g3 g6 18. h4 Kh8 19. Kg2 Rg8 20. Qe2 g5 21.
Nh5 gxh4 22. Bxe4 hxg3 23. fxg3 Bg5 24. Bf3 Bxc1 25. Rxc1 Ng6 26. Rh1 e5 27. dxe5 Nxe5 28. Rcd1 Rc5 29. Nf4 Nc4 30. Rh4 Qf6 31. Rdh1 1-0

[Event "Late-Titled-Tuesday-Blitz-September-12-2023"]
[Site "Chess.com"]
[Date "2023.09.12"]
[Round "3"]
[White "ritanovikova"]
[Black "xozr"]
[Result "0-1"]
[WhiteElo "2122"]
[BlackElo "2362"]
[TimeControl "180+1"]
[EndTime "14:25:37 PDT"]
[Termination "xozr won by checkmate"]

1. d4 Nf6 2. Bf4 g6 3. Qd2 Bg7 4.
Bh6 O-O 5. Bxg7 Kxg7 6. Nc3 c5 7. e3 d5 8. Nf3 cxd4 9. exd4 Nc6 10. a3 Ne4 11. Qe3 Nxc3 12. Qxc3 Qa5 13. Qxa5 Nxa5 14.
b3 Bf5 15. Kd2 Rac8 16. Bd3 Be4 17. Ng5 Bxd3 18. Kxd3 Rc7 19. Nf3 Rfc8 20. b4 Rc3+ 21.
Ke2 Rxc2+ 22. Ke3 Nc4+ 23. Kf4 Rxf2 24. Kg3 Rc2 25. Rhe1 e6 26. h4 h5 27. a4 Nd6 28. Ne5 Nf5+ 29. Kh3 R8c3+ 30. Nf3 Nxd4 31. Rf1 Nf5 32. b5 Rb2 33. g3 Rbb3 34. Ne5 Rxg3+ 35.
Kh2 Rb2+ 36. Kh1 Rgg2 37. Nf3 Ng3# 0-1

[Event "Late-Titled-Tuesday-Blitz-September-12-2023"]
[Site "Chess.com"]
[Date "2023.09.12"]
[Round "3"]
[White "valemava"]
[Black "HamedWafa4"]
[Result "1-0"]
[WhiteElo "2355"]
[BlackElo "2527"]
[TimeControl "180+1"]
[EndTime "14:25:42 PDT"]
[Termination "valemava won by checkmate"]

1. c4 Nf6 2. b4 e6 3. a3 a5 4. b5 d5 5. cxd5 exd5 6. Bb2 a4 7. e3 Nbd7 8. Nf3 Bd6 9. Be2 Nc5 10. O-O O-O 11. d3 Re8 12. Nc3 Bd7 13. h3 h6 14.
Rc1 Qe7 15. d4 Nce4 16. Nxa4 Ng3 17. Re1 Nxe2+ 18. Rxe2 Bxb5 19. Nc5 Bxe2 20. Qxe2 b6 21. Nd3 Ne4 22. Nde5 Bxa3 23. Nc6 Qd6 24. Bxa3 Rxa3 25. Qb2 Rea8 26. Nce5 Ra2 27. Qb5 Nxf2 28. Rc6 Qa3 29. Rxc7 Nxh3+ 30. Kh2 Qxe3 31. Rxf7 Nf4 32. Rxg7+ Kh8 33.
Rh7+ Kxh7 34. Qd7+ Kh8 35. Nf7+ Kg7 36. N7g5+ Kg8 37.
Qf7+ Kh8 38. Qh7# 1-0

[Event "Late-Titled-Tuesday-Blitz-September-12-2023"]
[Site "Chess.com"]
[Date "2023.09.12"]
[Round "3"]
[White "Garmendiarov"]
[Black "ArtemDyachuk"]
[Result "0-1"]
[WhiteElo "2347"]
[BlackElo "2543"]
[TimeControl "180+1"]
[EndTime "14:25:45 PDT"]
[Termination "ArtemDyachuk won by resignation"]

1. e4 c5 2. Nf3 d6 3. d4 cxd4 4. Nxd4 Nf6 5. Nc3 Nc6 6. Bg5 e6 7. Qd2 a6 8. f3 Bd7 9. O-O-O Be7 10. h4 Nxd4 11. Qxd4 Qc7 12. Be2 Rc8 13. Rhe1 O-O 14. h5 Qa5 15. Bd2 Qxh5 16. Rh1 Qc5 17. Qd3 b5 18.
Be3 Qc7 19. a3 Qa5 20. Na2 e5 21. Bg5 Qc7 22. Nc3 Be6 23. g4 Rfd8 24. Rd2 h6 25. Be3 Bc4 26. Nd5 Nxd5 0-1

[Event "Late-Titled-Tuesday-Blitz-September-12-2023"]
[Site "Chess.com"]
[Date "2023.09.12"]
[Round "3"]
[White "Parhamov"]
[Black "KNVB"]
[Result "1-0"]
[WhiteElo "3104"]
[BlackElo "2778"]
[TimeControl "180+1"]
[EndTime "14:25:50 PDT"]
[Termination "Parhamov won by resignation"]

1. d4 Nf6 2. c4 e6 3. Nf3 b6 4.
g3 Ba6 5. Nbd2 Bb4 6. Qc2 Bb7 7. Bg2 Be4 8. Qb3 Bxd2+ 9. Bxd2 O-O 10. O-O d6 11. Rfd1 Nbd7 12. Rac1 h6 13. Bf1 Qe7 14. Ne1 c5 15. f3 Bb7 16. dxc5 dxc5 17. e4 Ne5 18. Bc3 Nc6 19. e5 Nd7 20. f4 Rfd8 21.
Qc2 Nf8 22. Bg2 Rxd1 23. Rxd1 Rd8 24. a3 Rxd1 25. Qxd1 Qd8 26. Qd3 Qxd3 27. Nxd3 Nd8 28. Bf1 h5 29. Kf2 Nd7 30. Ke3 a5 31. Nf2 Kf8 32.
h3 Ke7 33. Be2 g6 34. g4 hxg4 35. hxg4 Bc6 36. Nh3 Ke8 37. Ng5 Ke7 38. Nh7 Nb7 39. Kf2 Ke8 40. Kg3 Ke7 41. Kh4 Be4 42. Kg5 Nd8 43. Kh6 Nf8 44. Nf6 Bg2 45. Kg7 Nd7 46. Ng8+ Ke8 47. Nh6 Nb8 48. Be1 Nbc6 49. Bh4 Be4 50. Bd1 Bd3 51. Ba4 Be4 52. Bxd8 Kxd8 53. Nxf7+ Kc7 54. Bxc6 Kxc6 55. Nd6 Bf3 56. Kf6 Bxg4 57.
Kxg6 a4 58. Kf6 Be2 59. Kxe6 b5 60. cxb5+ Bxb5 61. Nxb5 Kxb5 62. f5 Kc4 63. f6 Kb3 64. f7 c4 65. f8=Q Kxb2 66. Qb4+ Ka2 1-0

[Event "Late-Titled-Tuesday-Blitz-September-12-2023"]
[Site "Chess.com"]
[Date "2023.09.12"]
[Round "3"]
[White "KamlaPasand"]
[Black "Der_Honigdachs"]
[Result "0-1"]
[WhiteElo "2292"]
[BlackElo "2534"]
[TimeControl "180+1"]
[EndTime "14:25:50 PDT"]
[Termination "Der_Honigdachs won by resignation"]

1. e4 e6 2. d4 d5 3. exd5 exd5 4. Nf3 Be7 5. c4 Nf6 6. Nc3 O-O 7. Bd3 dxc4 8.
Bxc4 Nbd7 9. O-O Nb6 10. Bb3 Bg4 11. d5 a5 12. a4 h6 13. h3 Bh5 14. g4 Bg6 15.
Bf4 Bb4 16. g5 Bxc3 17. bxc3 Nfxd5 18. Bd2 hxg5 19. Bxg5 Qd7 20. Ne5 Qf5 21. f4 Ne3 22. Qg4 Nxg4 23. hxg4 Qc8 24. Nxg6 Qxg4+ 25. Kf2 Rfe8 26.
Rae1 Re6 27. Rg1 Qxg1+ 28. Rxg1 Rxg6 29. f5 Rc6 30. f6 Nc4 31. Bxc4 Rxc4 32. Bh6 g6 33.
Bg7 Rc5 34. Re1 b5 35. axb5 a4 36. c4 a3 37. Ra1 a2 38. Ke3 Kh7 39. Kd4 Rh5 40.
Kc3 g5 41. Kb2 Kg6 42. Rxa2 Rh2+ 43. Kb3 Raxa2 44. c5 Rhb2+ 45. Kc4 Ra4+ 0-1

[Event "Late-Titled-Tuesday-Blitz-September-12-2023"]
[Site "Chess.com"]
[Date "2023.09.12"]
[Round "3"]
[White "Zampronha1971"]
[Black "PotapovaM"]
[Result "0-1"]
[WhiteElo "2313"]
[BlackElo "2639"]
[TimeControl "180+1"]
[EndTime "14:25:50 PDT"]
[Termination "PotapovaM won by resignation"]

1. e4 c5 2. Nf3 d6 3. d4 cxd4 4.
Nxd4 Nf6 5. Nc3 Nc6 6. Bg5 e6 7. Qd2 Be7 8. O-O-O Bd7 9. f4 Nxd4 10.
Qxd4 h6 11. Bh4 Bc6 12. Bc4 Qb6 13. Qxb6 axb6 14. Rhe1 g5 15. fxg5 Nd7 16. Kb1 hxg5 17. Bg3 Ne5 18. Bb3 b5 19. a3 O-O-O 20. Na2 Ng6 21. Nb4 Nf4 22. Bxf4 gxf4 23. h3 Rdg8 24. Nxc6 bxc6 25. Re2 f3 26. gxf3 Rxh3 27. Rf1 Rgg3 28. Re3 Kc7 29. a4 Kb6 30. axb5 Kxb5 31. c3 c5 32. Bd1 Bg5 33. Rd3 Bf4 34. Be2 Kc6 35.
Rdd1 Rh2 36. Rde1 Bd2 37. Rh1 Rgg2 38. Rxh2 Rxh2 0-1

[Event "Late-Titled-Tuesday-Blitz-September-12-2023"]
[Site "Chess.com"]
[Date "2023.09.12"]
[Round "3"]
[White "Gogolev_Artemy"]
[Black "Vaibhavraut99"]
[Result "0-1"]
[WhiteElo "2409"]
[BlackElo "2571"]
[TimeControl "180+1"]
[EndTime "14:25:53 PDT"]
[Termination "Vaibhavraut99 won by resignation"]

1. c4 c5 2. g3 g6 3. Bg2 Bg7 4. Nc3 Nc6 5. Nf3 d6 6. d3 a6 7. O-O Rb8 8. a4 Nf6 9. e4 O-O 10. h3 Ne8 11. Be3 Nc7 12. Qd2 Re8 13. a5 Ne6 14. Nd5 Ned4 15. Ra3 Nxf3+ 16. Bxf3 Bxh3 17.
Bg2 Bxg2 18. Kxg2 e6 19. Nb6 Nd4 20. Rh1 Qf6 21. f4 Rbd8 22. Na4 e5 23. Nc3 exf4 24. Nd5 f3+ 25. Kf2 Qe6 26. Bg5 Rc8 27. Qf4 f5 28.
Qh4 h5 29. Ne7+ Kh7 30. Nxf5 Nxf5 31. g4 0-1

[Event "Late-Titled-Tuesday-Blitz-September-12-2023"]
[Site "Chess.com"]
[Date "2023.09.12"]
[Round "3"]
[White "Good_Knight_Kiss"]
[Black "C_K_G"]
[Result "1-0"]
[WhiteElo "2346"]
[BlackElo "2029"]
[TimeControl "180+1"]
[EndTime "14:25:53 PDT"]
[Termination "Good_Knight_Kiss won on time"]

1. e4 c5 2. Nf3 d6 3. d4 cxd4 4. Nxd4 Nf6 5. Nc3 a6 6. h3 e5 7. Nde2 Be7 8. g4 h6 9. Bg2 Be6 10. Be3 Nbd7 11. Qd2 b5 12. Ng3 Rc8 13. Nd5 Bxd5 14.
exd5 Nb6 15. b3 Qc7 16. O-O O-O 17. Nf5 Rfe8 18. Bxh6 g6 19. Nxe7+ Rxe7 20. Bg5 Kg7 21. f4 Rd7 22. fxe5 Nh7 23. e6 fxe6 24. dxe6 Re7 25. Bxe7 Qxe7 26. Rf7+ 1-0

[Event "Late-Titled-Tuesday-Blitz-September-12-2023"]
[Site "Chess.com"]
[Date "2023.09.12"]
[Round "3"]
[White "FabianoCaruana"]
[Black "FredyMatsuura"]
[Result "1-0"]
[WhiteElo "3051"]
[BlackElo "2333"]
[TimeControl "180+1"]
[EndTime "14:25:55 PDT"]
[Termination "FabianoCaruana won by resignation"]

1. b3 e5 2. Bb2 Nc6 3. e3 Nge7 4. c4 d6 5. Nf3 g6 6. Be2 Bg7 7. O-O O-O 8. Nc3 f5 9. d4 e4 10. Nd2 Bd7 11. d5 Ne5 12. b4 Kh8 13. Nb3 Qe8 14.
Nd4 Qf7 15. Rc1 a5 16. b5 b6 17. Nc6 h5 18. Na4 f4 19. exf4 Ng4 20. Bxg7+ Qxg7 21. Qd2 Rae8 22. Rce1 Nf5 23. Bxg4 hxg4 24. Nc3 g3 25.
fxg3 e3 26. Qd3 Qh6 27. Ne4 Bxc6 28. bxc6 Qh5 29. Ng5 e2 30. Rf3 Qh6 31. Ne6 1-0

[Event "Late-Titled-Tuesday-Blitz-September-12-2023"]
[Site "Chess.com"]
[Date "2023.09.12"]
[Round "3"]
[White "Defend1r"]
[Black "Verony64"]
[Result "1-0"]
[WhiteElo "2524"]
[BlackElo "2261"]
[TimeControl "180+1"]
[EndTime "14:25:55 PDT"]
[Termination "Defend1r won by resignation"]

1. e4 e5 2. Nf3 d6 3. d4 Nd7 4. Bc4 c6 5. Bb3 Be7 6. O-O Ngf6 7.
Re1 O-O 8. d5 c5 9. c4 g6 10.
Bc2 Re8 11. a3 Bf8 12. b4 b6 13. Nc3 a6 14. Be3 Bg7 15. Qd2 Ng4 16. Bg5 f6 17. Bh4 g5 18. h3 gxh4 19. hxg4 Nf8 20. Nxh4 Bxg4 21. Nf5 Ng6 22. f3 Bxf5 23. exf5 Nf4 24. g3 Nh3+ 25. Kg2 Ng5 26. Rh1 Qe7 27. Rh5 Qf7 28.
Rah1 h6 29. f4 exf4 30. gxf4 Nh7 31. Kf3 Re7 32. Ne4 Rd8 33. Qg2 Kh8 34. bxc5 bxc5 35. R5h2 Rb8 36. Rb1 Rxb1 37. Bxb1 Re8 38. Nxd6 Qe7 39.
Nxe8 Qxe8 40. Qc2 Qe1 41. Rg2 Qf1+ 42. Kg3 Qxf4+ 43. Kxf4 1-0

[Event "Late-Titled-Tuesday-Blitz-September-12-2023"]
[Site "Chess.com"]
[Date "2023.09.12"]
[Round "3"]
[White "a-z30"]
[Black "GMJustin"]
[Result "1-0"]
[WhiteElo "2409"]
[BlackElo "2234"]
[TimeControl "180+1"]
[EndTime "14:25:56 PDT"]
[Termination "a-z30 won on time"]

1. d3 b6 2. Nf3 Bb7 3. g3 Bxf3 4.
exf3 c5 5. f4 Nc6 6. Bg2 g6 7.
O-O Bg7 8. Re1 e6 9. Nd2 Nge7 10. Nf3 O-O 11. h4 h5 12. c3 Rc8 13. Bd2 Nf5 14.
Ne5 Nce7 15. a4 d6 16. Nf3 Qc7 17. Ng5 d5 18. g4 hxg4 19. Qxg4 Bf6 20. h5 Bxg5 21.
Qxg5 f6 22. Qg4 Kf7 23. hxg6+ Nxg6 24. Rxe6 Kxe6 25. Qxg6 1-0